 Dungeon Crawl Stone Soup version 0.29-a0-459-g97dee8cd24 (webtiles) character file.

Game seed: 3231242489681950432

212 siradein the Grave Robber (level 5, 0/35 HPs)
             Began as a Demonspawn Necromancer on May 20, 2022.
             Slain by Grinder (3 damage)
             ... while paralysed by Grinder
             ... on level 4 of the Dungeon.
             The game lasted 00:16:22 (3670 turns).

siradein the Grave Robber (Demonspawn Necromancer)  Turns: 3670, Time: 00:16:22

Health: 0/35       AC:  9    Str:  9    XL:     5   Next: 58%
Magic:  11/11      EV:  2    Int: 18    God:
Gold:   124        SH:  0    Dex: 13    Spells: 2/12 levels left

rFire   . . .      SeeInvis .   (no weapon)
rCold   + . .      Faith    .   (no shield)
rNeg    . . .      Spirit   .   a - +1 robe
rPois   .          Reflect  .   o - +2 helmet
rElec   .          Harm     .   (no cloak)
rCorr   .          Rampage  .   (no gloves)
Will    .....                   (no boots)
Stlth   ++........              j - amulet of the acrobat
HPRegen 0.11/turn               m - ring of protection from cold
MPRegen 0.12/turn               n - +4 ring of evasion

@: paralysed
A: claws 2, molten scales 2
a: no special abilities


You were on level 4 of the Dungeon.
You visited 1 branch of the dungeon, and saw 4 of its levels.
You also visited: Sewer.

You collected 172 gold pieces.
You spent 48 gold pieces at shops.

Inventory:

Armour
 a - a +1 robe (worn)
 o - a +2 helmet (worn)
Jewellery
 h - a ring of fire
 j - an amulet of the acrobat (around neck)
 m - a ring of protection from cold (left claw)
 n - a +4 ring of evasion (right claw)
Wands
 x - a wand of polymorph (9)
Scrolls
 e - 3 scrolls of enchant armour
 f - 2 scrolls of amnesia {unknown}
 k - a scroll of fog {unknown}
 p - a scroll of noise {unknown}
 r - a scroll of immolation {unknown}
 u - a scroll of teleportation {unknown}
 w - a scroll of vulnerability {unknown}
Potions
 b - a potion of magic
 g - a potion of haste
 i - a potion of flight
 l - 5 potions of curing
 q - a potion of heal wounds {unknown}
 s - a potion of resistance {unknown}
 t - 2 potions of ambrosia
 v - a potion of brilliance {unknown}


   Skills:
 - Level 1.7 Dodging
 - Level 1.7 Stealth
 + Level 4.1 Spellcasting
 + Level 6.2 Necromancy


You had 2 spell levels left.
You knew the following spells:

 Your Spells              Type           Power      Damage    Failure   Level
a - Necrotize             Necr           100%       1d9       1%          1
b - Vampiric Draining     Necr           26%        2d7       3%          3
c - Animate Dead          Necr           26%        N/A       12%         4
d - Blink                 Tloc           6%         N/A       22%         2

Your spell library contained the following spells:

 Spells                   Type           Power      Damage    Failure   Level
 Summon Small Mammal      Summ           12%        N/A       14%         1
 Call Imp                 Summ           3%         N/A       22%         2
 Agony                    Necr           26%        N/A       32%         5
 Call Canine Familiar     Summ           3%         N/A       41%         3
 Lesser Beckoning         Tloc           3%         N/A       41%         3
 Teleport Other           Tloc           3%         N/A       41%         3
 Iskenderun's Mystic Bla  Conj/Tloc      3%         2d3       82%         4
 Summon Ice Beast         Ice/Summ       3%         N/A       82%         4
 Manifold Assault         Tloc           3%         N/A       99%         5
 Haunt                    Necr/Summ      7%         N/A       100%        7
 Infestation              Necr           13%        N/A       100%        8
 Summon Horrible Things   Summ           1%         N/A       100%        8


Dungeon Overview and Level Annotations

Branches:
Dungeon (4/15)              Sewer (visited)
 Temple: D:4-7

Altars:

Shops:
D:2 (!

Annotations:
D:4 Eustachio, Grinder


Innate Abilities, Weirdness & Mutations

You have very sharp fingernails.
You are mostly covered in molten scales. (AC +3)


Message History

Eustachio mumbles some strange words.
Eustachio blinks!
Really read the scroll of poison?
The air fills with toxic fumes!
As you read the scroll of poison, it crumbles to dust.
Eustachio zaps a wand.
The puff of flame hits you.
Eustachio zaps a wand.
The puff of flame misses you. Grinder gestures at you.
Pain shoots through your body!
Eustachio zaps a wand.
The puff of flame hits you!
You are too injured to fight recklessly!
Unknown command.
You closely miss Grinder.
Eustachio is engulfed in poison gas.
Eustachio is poisoned.
Grinder gestures at you. Pain shoots through your body!
Unknown command.
You scratch Grinder.
Grinder is lightly wounded.
Eustachio is engulfed in poison gas.
Eustachio looks even sicker.
Eustachio mumbles some strange words.
Eustachio blinks!
Grinder barely misses you.
Unknown command.
Unknown command.
You barely miss Grinder.
Grinder is lightly wounded.
Eustachio is engulfed in poison gas.
Eustachio looks even sicker.
Eustachio mumbles some strange words.
Eustachio blinks!
Grinder gestures at you.
You suddenly lose the ability to move!
Grinder hits you. Grinder gestures at you. You resist with significant effort.
Grinder hits you!
* * * LOW HITPOINT WARNING * * *
You writhe in agony.
* * * LOW HITPOINT WARNING * * *
Grinder hits you.
You die...

#..# #.# #.# #..# #.#
#.# #..###.# #.# .§☼
#......# #.# #○#
#..##### #.# #§# ..#.##
#####.###○####...
.###.###.......§.○......
## ##........###§######
.###.###.#######@#..
#.#......# ##.☼.5§☼#
.........§§§☼°○☼§§○#####
###.#########.#☼.☼.§○...
#.# #○##☼§§☼### #.#
#...<○○.☼.# #.
##5○!§#○#.##
###.#§○§○☼☼☼.
#.r§r≈##.#.##


You could see Grinder.

Vanquished Creatures
  7 adders
  4 river rats
  A worm (D:2)
  2 dart slugs
  9 orcs (D:3)
  14 ball pythons
  An endoplasm (D:3)
  5 giant cockroaches
  4 goblins
  10 hobgoblins
  4 quokkas
  5 bats
  8 frilled lizards
  8 kobolds
  14 rats
96 creatures vanquished.

Vanquished Creatures (collateral kills)
  3 rats
3 creatures vanquished.

Vanquished Creatures (others)
  A river rat (D:4)
1 creature vanquished.

Grand Total: 100 creatures vanquished

Notes
Turn   | Place    | Note
-------+----------+-------------------------------------------
     0 | D:1      | siradein the Demonspawn Necromancer began the quest for the
                  | Orb.
     0 | D:1      | Reached XP level 1. HP: 13/13 MP: 3/3
   316 | D:1      | Gained mutation: You have sharp fingernails. [demonic
                  | ancestry]
   316 | D:1      | Reached XP level 2. HP: 19/19 MP: 3/5
   605 | D:1      | Got the Incunabulum of the Compass
   877 | D:1      | Reached skill level 5 in Necromancy
   877 | D:1      | Gained mutation: You are partially covered in molten
                  | scales. (AC +2) [demonic ancestry]
   877 | D:1      | Reached XP level 3. HP: 24/24 MP: 4/7
   910 | D:1      | Learned a level 3 spell: Vampiric Draining
  1483 | D:2      | Found Rinneeg's Distillery.
  1526 | D:2      | Bought a potion of degeneration for 12 gold pieces
  1526 | D:2      | Bought a potion of curing for 36 gold pieces
  1584 | D:2      | Gained mutation: You have very sharp fingernails. [demonic
                  | ancestry]
  1584 | D:2      | Reached XP level 4. HP: 30/30 MP: 3/8
  1589 | D:2      | Learned a level 4 spell: Animate Dead
  1646 | D:2      | Found Xesimp's Antique Weapon Shoppe.
  1875 | D:2      | Got the Reference Book on Calling
  2835 | D:4      | Noticed Grinder
  2835 | D:4      | Found a glowing drain.
  2838 | D:4      | Noticed Eustachio
  2847 | Sewer    | Entered a sewer
  2974 | Sewer    | Gained mutation: You are mostly covered in molten scales.
                  | (AC +3) [demonic ancestry]
  2974 | Sewer    | Reached XP level 5. HP: 35/35 MP: 5/10
  3193 | Sewer    | Reached skill level 6 in Necromancy
  3439 | D:4      | Paralysed by Grinder for 2 turns
  3625 | D:4      | Learned a level 2 spell: Blink
  3666 | D:4      | Paralysed by Grinder for 5 turns
  3670 | D:4      | Slain by Grinder

Illustrated notes

Levels and vault maps discovered:
D:1:      giann_bridges, layout_basic
D:2:      layout_basic, serial_shops, nicolae_shop_hallway_plus,
          nicolae_shop_trees, kennysheep_generic_room_9
D:3:      layout_rooms, saegor_snake_ambush
D:4:      layout_loops_ring, portal_sewer_entry_b, minmay_misc_feat_five,
          st_stairs_2, nicolae_shop_firing_range, uniq_robin, uniq_grinder,
          uniq_eustachio

Skill      XL: |  1  2  3  4  5 |
---------------+----------------+-----
Necromancy     | 5 6 |  6.2
Spellcasting   | 3 4 |  4.1
Dodging        | |  1.7
Stealth        | |  1.7

Action                   |  1- 3 |  4- 6 || total
-------------------------+-------+-------++-------
Melee: Hand axe          |     5 |       ||     5
       Unarmed           |     5 |    22 ||    27
       Punch             |     1 |       ||     1
 Cast: Necrotize         |    74 |    99 ||   173
  Use: Scroll            |       |     6 ||     6
Armor: Robe              |     3 |    31 ||    34
Dodge: Dodged            |     9 |   106 ||   115

Table legend: (Time is in decaauts)
 A = Elapsed time spent in this place.
 B = Non-inter-level travel time spent in this place.
 C = Inter-level travel time spent in this place.
 D = Time resting spent in this place.
 E = Time spent auto-exploring this place.
 F = Levels seen in this place.
 G = Mean time per level.
                   A        B        C        D        E       F      G
               +--------+--------+--------+--------+--------+-----+--------+
         Total |   3739 |   3635 |    104 |    136 |   2942 |   5 |  747.8 |
       Dungeon |   3120 |   3016 |    104 |    136 |   2396 |   4 |  780.0 |
         Sewer |    618 |    618 |      0 |      0 |    545 |   1 |  618.0 |
               +--------+--------+--------+--------+--------+-----+--------+

Top non-repeatable levels by time:
     D:1: 1187 daAuts
     D:3: 1060 daAuts
     D:2: 734 daAuts
   Sewer: 618 daAuts
     D:4: 139 daAuts
